 Dungeon Crawl Stone Soup version 0.19-a0-1626-g5215c36 (webtiles) character file.

529 TheGoonsmith the Reanimator (level 7, -2/55 HPs)
             Began as a Deep Dwarf Necromancer on Sept 18, 2016.
             Slain by Dega's ghost (13 damage)
             ... on level 4 of the Dungeon.
             The game lasted 00:06:24 (3986 turns).

TheGoonsmith the Reanimator (DDNe)                  Turns: 3986, Time: 00:06:24

Health: -2/55      AC:  3    Str: 12    XL:     7   Next: 3%
Magic:  12/12      EV: 12    Int: 17    God:
Gold:   241        SH:  0    Dex: 13    Spells: 2 memorised, 9 levels left

rFire  . . .     SeeInvis +     p - +5 flail
rCold  . . .     Gourm    .     a - +1 robe
rNeg   . . .     Faith    .     (no shield)
rPois  .         Spirit   .     (no helmet)
rElec  .         Dismiss  .     (no cloak)
rCorr  .         Reflect  .     (no gloves)
MR     +....     Harm     .     (no boots)
Stlth  ++........               (no amulet)
                                (no ring)
                                s - ring of see invisible

@: very slightly contaminated, non-regenerating, hasted, very quick
A: damage resistance, recharge devices, sense surroundings 1, slow regeneration
3
a: Device Recharging


You were on level 4 of the Dungeon.
You were not hungry.

You visited 2 branches of the dungeon, and saw 5 of its levels.

You collected 241 gold pieces.

Inventory:

Hand Weapons
 f - a +0 mace
 p - a +5 flail (weapon)
Armour
 a - a +1 robe (worn)
Jewellery
 s - a ring of see invisible (left hand)
Wands
 c - a wand of heal wounds (5/9)
Scrolls
 h - a scroll of teleportation
 q - a scroll of magic mapping
Potions
 e - 2 potions of lignification
 i - a potion of agility {unknown}
 o - a potion of heal wounds {unknown}
Books
 b - a book of Necromancy

   Spells                             Type                      Level
   a - Pain                           Necromancy                   1
   b - Animate Skeleton               Necromancy                   1
   c - Vampiric Draining              Necromancy                   3
   d - Regeneration                   Charms/Necromancy            3
   e - Animate Dead                   Necromancy                   4
   f - Control Undead                 Necromancy                   4
 r - a book of Alchemy

   Spells                             Type                      Level
   a - Sublimation of Blood           Necromancy                   2
   b - Ignite Poison                  Fire/Transmutation/Poison    3
   c - Petrify                        Transmutation/Earth          4
   d - Alistair's Intoxication        Transmutation/Poison         5
   e - Irradiate                      Conjuration/Transmutation    5
Comestibles
 d - 3 bread rations
 k - a chunk of flesh
 l - 3 fruits
 n - a slice of pizza
 u - a meat ration


   Skills:
 - Level 2.1 Dodging
 - Level 2.4 Stealth
 + Level 3.8 Spellcasting
 * Level 8.1 Necromancy


You had 9 spell levels left.
You knew the following spells:

 Your Spells              Type           Power        Failure   Level  Hunger
a - Pain                  Necr           ####         1%          1    None
s - Vampiric Draining     Necr           ####......   1%          3    ###....


Dungeon Overview and Level Annotations

Branches:
Dungeon (4/15)             Temple (1/1) D:4

Altars:
Ashenzari
Dithmenos
Elyvilon
Fedhas
Gozag
Okawaru
Qazlal
Trog
Uskayaw
Xom
Yredelemnul
Zin
The Shining One

Annotations:
D:4 Dega's ghost, amateur DsFi


Innate Abilities, Weirdness & Mutations

You are resistant to damage.
You can recharge devices by infusing magical energy.
You passively map a small area around you.
You do not regenerate.


Message History

Press: ? - help, v - describe, . - travel
Here: Dega's ghost The floor.
Okay, then.
It was a potion of haste.
You feel yourself speed up.
You are very lightly contaminated with residual magic.
You barely miss Dega's ghost. Dega's ghost hits you!
You hit Dega's ghost.
Dega's ghost is lightly damaged.
You sock Dega's ghost!
Dega's ghost is moderately damaged.
Dega's ghost hits you!
You hit Dega's ghost.
Dega's ghost is moderately damaged.
Dega's ghost hits you!
* * * LOW HITPOINT WARNING * * *
You hit Dega's ghost but do no damage.
Dega's ghost is moderately damaged.
Dega's ghost hits you!
You die...

#### ...# ##.# ##.#
##.################
##.............W@.#
...#######..#####.######
≈≈.≈≈≈.≈.≈≈.≈≈......≈..#
≈≈≈≈≈≈≈≈≈≈.≈≈≈≈≈.≈≈≈≈≈.#
♣♣♣≈.≈♣♣♣≈≈≈♣♣♣≈.≈♣♣♣≈.#
♣ *≈≈≈♣ *≈≈≈* ♣≈.≈♣ ♣≈.#
♣**≈≈≈♣**≈,≈**♣≈≈≈♣♣♣≈.#
≈≈≈≈≈≈≈≈≈≈,≈≈≈≈≈.≈≈≈≈≈.#
...,≈..≈,,,,...≈...≈.≈.#


You could see Dega's ghost.

Vanquished Creatures
  3 eyes of draining (D:3)
  A howler monkey (D:4)
  A bullfrog skeleton (D:4)
  2 orc wizards (D:3)
  A worker ant (D:3)
  A hound skeleton (D:4)
  4 adders
  An adder skeleton (D:4)
  A dart slug (D:3)
  A leopard gecko (D:1)
  4 orcs
  9 bats
  6 giant cockroaches
  5 goblins
  9 hobgoblins
  3 jackals (D:3)
  2 quokkas
  2 ball pythons
  6 frilled lizards
  13 kobolds
  4 rats
79 creatures vanquished.

Notes
Turn   | Place    | Note
-------+----------+-------------------------------------------
     0 | D:1      | TheGoonsmith the Deep Dwarf Necromancer began the quest for the Orb.
     0 | D:1      | Reached XP level 1. HP: 15/15 MP: 3/3
   358 | D:1      | Reached XP level 2. HP: 20/22 MP: 1/4
   738 | D:1      | Reached skill level 5 in Necromancy
  1239 | D:2      | Reached XP level 3. HP: 26/28 MP: 2/6
  1244 | D:2      | Learned a level 3 spell: Vampiric Draining
  2129 | D:3      | Reached XP level 4. HP: 22/36 MP: 1/7
  2559 | D:3      | Reached skill level 6 in Necromancy
  2565 | D:3      | Reached XP level 5. HP: 29/42 MP: 0/9
  2785 | D:3      | Found a bloodstained altar of Trog.
  3096 | D:3      | Found a bloodstained altar of Trog.
  3099 | D:3      | Noticed an eye of draining
  3100 | D:3      | Noticed an eye of draining
  3100 | D:3      | Noticed an eye of draining
  3118 | D:3      | Killed an eye of draining
  3118 | D:3      | Reached skill level 7 in Necromancy
  3125 | D:3      | Killed an eye of draining
  3125 | D:3      | Reached XP level 6. HP: 48/49 MP: 0/11
  3368 | D:3      | Found a basalt altar of Yredelemnul.
  3369 | D:3      | Found a shimmering altar of Xom.
  3556 | D:4      | Found a staircase to the Ecumenical Temple.
  3573 | Temple   | Entered the Ecumenical Temple
  3793 | D:4      | Reached skill level 8 in Necromancy
  3793 | D:4      | Reached XP level 7. HP: 42/55 MP: 12/12
  3976 | D:4      | Noticed Dega's ghost (amateur DsFi)
  3986 | D:4      | Slain by Dega's ghost

Vault maps used:
D:1:      dpeg_arrival_court, lemuel_another_geyser
D:2:      kennysheep_cluttered_room
D:3:      gammafunk_temple_overflow_pools, lemuel_crystal_altar,
          trog_eyes_of_draining
D:4:      serial_shops, nicolae_shop_trees, minivault_4, kennysheep_boxes,
          uniq_pikel, uniq_grinder
Temple:   cyrus_temple_forest

Skill      XL: |  1  2  3  4  5  6 |
---------------+-------------------+-----
Necromancy     | 5 6 7 8 |  8.1
Spellcasting   | 2 3 |  3.8
Dodging        | |  2.1
Stealth        | |  2.4

Action                   |  1- 3 |  4- 6 |  7- 9 || total
-------------------------+-------+-------+-------++-------
Melee: Mace              |     1 |       |       ||     1
       Flail             |       |    51 |     5 ||    56
 Cast: Pain              |    70 |    35 |     2 ||   107
       Vampiric Draining |       |    19 |       ||    19
  Use: Scroll            |       |     5 |     1 ||     6
       Potion            |       |       |     1 ||     1
  Eat: Chunk             |     4 |     8 |     1 ||    13
Armor: Robe              |     1 |     5 |       ||     6
Dodge: Dodged            |     7 |    33 |       ||    40
